NWL (28 & UNDER)
BISMARK BORDER GUARDS @ RIVERSIDE RED BULLS
09/13/2023
 
TOP OF THE 1ST
Bismark Border Guards batting - Pitching for Riverside Red Bulls : RHP Nariaki Tanaka
Pitching: RHP Nariaki Tanaka
Batting: LHB Juan Viera 0-0: Ball
1-0: Ball
2-0: Fly out, F9 (Flyball, 9M)
Batting: RHB Enrico Rodríguez 0-0: Ball
1-0: Ball
2-0: Ball
3-0: Called Strike
3-1: Base on Balls
Batting: RHB Carlos MacKinney 0-0: Ball
1-0: Called Strike
1-1: Ball
2-1: Called Strike
2-2: DOUBLE (Flyball, 78XD)
Enrico Rodríguez to third
Batting: RHB Ramiro Ross 0-0: Foul Ball, location: 2F
0-1: DOUBLE (Flyball, 78XD)
Enrico Rodríguez scores
Carlos MacKinney scores
Batting: LHB Nelson Peña 0-0: Ball
1-0: Ball
2-0: Foul Ball, location: 2F
2-1: Foul Ball, location: 2F
2-2: Ball
3-2: SINGLE (Groundball, 34D)
Ramiro Ross to third
Batting: RHB José Gómez 0-0: Ball
1-0: Called Strike
1-1: Grounds into double play, 5-4-3 (Groundball, 5)
Top of the 1st over - 2 run(s), 3 hit(s), 0 error(s), 1 left on base; Bismark 2 - Riverside 0
BOTTOM OF THE 1ST
Riverside Red Bulls batting - Pitching for Bismark Border Guards : RHP Bud Baldwin
Pitching: RHP Bud Baldwin
Batting: RHB Joe Scott 0-0: Ball
1-0: Ball
2-0: Ball
3-0: Base on Balls
Batting: SHB Lee Townsend 0-0: Called Strike
0-1: Foul Ball, location: 2F
0-2: Ball
1-2: Ball
2-2: Ball
3-2: Fly out, F8 (Flyball, 8LXD)
Batting: RHB Soshu Nakamura 0-0: Ball
1-0: Swinging Strike
1-1: Swinging Strike
1-2: Ball
2-2: Fly out, F3 (Popup, 23)
Batting: SHB Sloan James 0-0: Ground out 5-3 (Groundball, 56S)
Bottom of the 1st over - 0 run(s), 0 hit(s), 0 error(s), 1 left on base; Bismark 2 - Riverside 0
TOP OF THE 2ND
Bismark Border Guards batting - Pitching for Riverside Red Bulls : RHP Nariaki Tanaka
Batting: LHB Rusty Herbert 0-0: Foul Ball, location: 2F
0-1: Bunted foul
0-2: Ball
1-2: Ball
2-2: Ball
3-2: Foul Ball, location: 2F
3-2: Foul Ball, location: 2F
3-2: Foul Ball, location: 2F
3-2: Base on Balls
Batting: RHB Aaron Holt 0-0: Ball
1-0: Called Strike
Throwing error on steal attempt, E2
Rusty Herbert to third
1-1: Foul Ball, location: 2F
1-2: Strikes out swinging
Batting: RHB Enrique Mendoza 0-0: Fly out, F4 (Popup, 34D)
Batting: LHB Juan Viera 0-0: SINGLE (Groundball, 4M)
Rusty Herbert scores
Batting: RHB Enrico Rodríguez 0-0: Called Strike
0-1: Ball
1-1: Swinging Strike
1-2: Strikes out swinging
Top of the 2nd over - 1 run(s), 1 hit(s), 1 error(s), 1 left on base; Bismark 3 - Riverside 0
BOTTOM OF THE 2ND
Riverside Red Bulls batting - Pitching for Bismark Border Guards : RHP Bud Baldwin
Batting: RHB José Zúñiga 0-0: Ball
1-0: Foul Ball, location: 2F
1-1: Ground out 6-3 (Groundball, 6)
Batting: RHB Júlio García 0-0: Ball
1-0: Called Strike
1-1: Fly out, F8 (Line Drive, 8LD)
Batting: RHB Kyle Bacon 0-0: Called Strike
0-1: Ground out 1-3 (Groundball, 15)
Bottom of the 2nd over - 0 run(s), 0 hit(s), 0 error(s), 0 left on base; Bismark 3 - Riverside 0
TOP OF THE 3RD
Bismark Border Guards batting - Pitching for Riverside Red Bulls : RHP Nariaki Tanaka
Batting: RHB Carlos MacKinney 0-0: Called Strike
0-1: Called Strike
0-2: Ground out 5-3 (Groundball, 5S)
Batting: RHB Ramiro Ross 0-0: Foul Ball, location: 2F
0-1: Called Strike
0-2: Ball
1-2: Ground out 5-3 (Groundball, 5)
Batting: LHB Nelson Peña 0-0: Fly out, F8 (Popup, 4MD)
Top of the 3rd over - 0 run(s), 0 hit(s), 0 error(s), 0 left on base; Bismark 3 - Riverside 0
BOTTOM OF THE 3RD
Riverside Red Bulls batting - Pitching for Bismark Border Guards : RHP Bud Baldwin
Batting: RHB Chris Osborn 0-0: Ground out 4-3 (Groundball, 4)
Batting: SHB Chun-yeong Kim 0-0: Ground out 6-3 (Groundball, 6S)
Batting: RHB Joe Scott 0-0: Ball
1-0: Foul Ball, location: 2F
1-1: Ground out 1-3 (Groundball, 13S)
Bottom of the 3rd over - 0 run(s), 0 hit(s), 0 error(s), 0 left on base; Bismark 3 - Riverside 0
TOP OF THE 4TH
Bismark Border Guards batting - Pitching for Riverside Red Bulls : RHP Nariaki Tanaka
Batting: RHB José Gómez 0-0: Called Strike
0-1: Called Strike
0-2: Foul Ball, location: 2F
0-2: Strikes out looking
Batting: LHB Rusty Herbert 0-0: Ball
1-0: Ball
2-0: Called Strike
2-1: Foul Ball, location: 2F
2-2: Strikes out looking
Batting: RHB Aaron Holt 0-0: Ball
1-0: Foul Ball, location: 2F
1-1: Swinging Strike
1-2: Ball
2-2: Strikes out swinging
Top of the 4th over - 0 run(s), 0 hit(s), 0 error(s), 0 left on base; Bismark 3 - Riverside 0
BOTTOM OF THE 4TH
Riverside Red Bulls batting - Pitching for Bismark Border Guards : RHP Bud Baldwin
Batting: SHB Lee Townsend 0-0: Ground out 3-1 (Groundball, 34)
Batting: RHB Soshu Nakamura 0-0: Ball
1-0: Foul Ball, location: 2F
1-1: Ball
2-1: Called Strike
2-2: Strikes out swinging
Batting: SHB Sloan James 0-0: Called Strike
0-1: Ground out 4-3 (Groundball, 4)
Bottom of the 4th over - 0 run(s), 0 hit(s), 0 error(s), 0 left on base; Bismark 3 - Riverside 0
TOP OF THE 5TH
Bismark Border Guards batting - Pitching for Riverside Red Bulls : RHP Nariaki Tanaka
Batting: RHB Enrique Mendoza 0-0: Called Strike
0-1: Ball
1-1: Foul Ball, location: 2F
1-2: SINGLE (Groundball, 6MD)
Batting: LHB Juan Viera 0-0: Called Strike
0-1: Called Strike
0-2: Ball
1-2: Strikes out swinging
Batting: RHB Enrico Rodríguez 0-0: Ball
Enrique Mendoza steals 2nd base
1-0: Called Strike
1-1: Swinging Strike
1-2: Foul Ball, location: 2F
1-2: Strikes out swinging
Batting: RHB Carlos MacKinney 0-0: Ball
1-0: Swinging Strike
1-1: Ball
2-1: Ball
3-1: Swinging Strike
3-2: Foul Ball, location: 2F
3-2: Fly out, F5 (Line Drive, 5S)
Top of the 5th over - 0 run(s), 1 hit(s), 0 error(s), 1 left on base; Bismark 3 - Riverside 0
BOTTOM OF THE 5TH
Riverside Red Bulls batting - Pitching for Bismark Border Guards : RHP Bud Baldwin
Batting: RHB José Zúñiga 0-0: Called Strike
0-1: Ball
1-1: Ball
2-1: Called Strike
2-2: Ball
3-2: Base on Balls
Batting: RHB Júlio García 0-0: Called Strike
0-1: Fly out, F9 (Flyball, 9M)
Batting: RHB Kyle Bacon 0-0: Fielders Choice at 2nd, 4-6 (Groundball, 4)
Batting: RHB Chris Osborn 0-0: Foul Ball, location: 2F
0-1: Ball
1-1: Called Strike
Kyle Bacon is caught stealing 2nd base
Bottom of the 5th over - 0 run(s), 0 hit(s), 0 error(s), 0 left on base; Bismark 3 - Riverside 0
TOP OF THE 6TH
Bismark Border Guards batting - Pitching for Riverside Red Bulls : RHP Nariaki Tanaka
Pitching: RHP Roberto Costello
Batting: RHB Ramiro Ross 0-0: Ball
1-0: Swinging Strike
1-1: Ball
2-1: Called Strike
2-2: Ball
3-2: Strikes out swinging
Batting: LHB Nelson Peña 0-0: Fly out, F9 (Flyball, 89M)
Batting: RHB José Gómez 0-0: Foul Ball, location: 2F
0-1: Foul Ball, location: 2F
0-2: Ball
1-2: Ball
2-2: Fly out, F8 (Flyball, 8RD)
Top of the 6th over - 0 run(s), 0 hit(s), 0 error(s), 0 left on base; Bismark 3 - Riverside 0
BOTTOM OF THE 6TH
Riverside Red Bulls batting - Pitching for Bismark Border Guards : RHP Bud Baldwin
Batting: RHB Chris Osborn 0-0: Called Strike
0-1: Fly out, F8 (Flyball, 8RM)
Batting: SHB Chun-yeong Kim 0-0: Ball
1-0: Swinging Strike
1-1: Foul Ball, location: 2F
1-2: Ball
2-2: Ball
3-2: Strikes out swinging
Batting: RHB Joe Scott 0-0: Called Strike
0-1: Ball
1-1: Swinging Strike
1-2: Ball
2-2: Ball
3-2: Foul Ball, location: 2F
3-2: Foul Ball, location: 2F
3-2: Fly out, F7 (Line Drive, 7M)
Bottom of the 6th over - 0 run(s), 0 hit(s), 0 error(s), 0 left on base; Bismark 3 - Riverside 0
TOP OF THE 7TH
Bismark Border Guards batting - Pitching for Riverside Red Bulls : RHP Roberto Costello
Batting: LHB Rusty Herbert 0-0: Ground out 2-3 (Groundball, 15S)
Batting: RHB Aaron Holt 0-0: Ball
1-0: Ball
2-0: Called Strike
2-1: Ball
3-1: Called Strike
3-2: Strikes out looking
Batting: RHB Enrique Mendoza 0-0: Ball
1-0: Ground out 4-3 (Groundball, 4)
Top of the 7th over - 0 run(s), 0 hit(s), 0 error(s), 0 left on base; Bismark 3 - Riverside 0
BOTTOM OF THE 7TH
Riverside Red Bulls batting - Pitching for Bismark Border Guards : RHP Bud Baldwin
Batting: SHB Lee Townsend 0-0: Ball
1-0: Ball
2-0: Ball
3-0: Base on Balls
Batting: RHB Soshu Nakamura 0-0: Ball
1-0: Called Strike
1-1: Ball
2-1: Ball
3-1: Grounds into double play, 5-4-3 (Groundball, 56)
Batting: SHB Sloan James 0-0: Foul Ball, location: 2F
0-1: Ball
1-1: Ball
2-1: Foul Ball, location: 2F
2-2: Fly out, F7 (Line Drive, 7S)
Bottom of the 7th over - 0 run(s), 0 hit(s), 0 error(s), 0 left on base; Bismark 3 - Riverside 0
TOP OF THE 8TH
Bismark Border Guards batting - Pitching for Riverside Red Bulls : RHP Roberto Costello
Pitching: RHP Wayne Barksdale
Batting: LHB Juan Viera 0-0: Ball
1-0: Foul Ball, location: 2F
1-1: Foul Ball, location: 2F
1-2: Ball
2-2: Ball
3-2: Foul Ball, location: 2F
3-2: Base on Balls
Batting: RHB Enrico Rodríguez 0-0: Called Strike
0-1: Ball
1-1: Called Strike
1-2: Ball
2-2: SINGLE (Line Drive, 6D)
Juan Viera to second
Batting: RHB Carlos MacKinney 0-0: Foul Ball, location: 2F
0-1: Swinging Strike
0-2: Strikes out looking
Batting: RHB Ramiro Ross 0-0: Ball
Juan Viera steals 3rd base
Enrico Rodríguez to second
1-0: Called Strike
1-1: Foul Ball, location: 2F
1-2: Strikes out swinging
Batting: LHB Nelson Peña 0-0: Ball
1-0: Foul Ball, location: 2F
1-1: Called Strike
1-2: Strikes out swinging
Top of the 8th over - 0 run(s), 1 hit(s), 0 error(s), 2 left on base; Bismark 3 - Riverside 0
BOTTOM OF THE 8TH
Riverside Red Bulls batting - Pitching for Bismark Border Guards : RHP Bud Baldwin
Batting: RHB José Zúñiga 0-0: Foul Ball, location: 2F
0-1: Foul Ball, location: 2F
0-2: Ball
1-2: Foul Ball, location: 2F
1-2: Ball
2-2: Foul Ball, location: 2F
2-2: Ground out 6-3 (Groundball, 6)
Batting: RHB Júlio García 0-0: Ball
1-0: Called Strike
1-1: Swinging Strike
1-2: SINGLE (Line Drive, 5D)
Batting: RHB Kyle Bacon 0-0: Grounds into double play, U6-3 (Groundball, 6M)
Bottom of the 8th over - 0 run(s), 1 hit(s), 0 error(s), 0 left on base; Bismark 3 - Riverside 0
TOP OF THE 9TH
Bismark Border Guards batting - Pitching for Riverside Red Bulls : RHP Wayne Barksdale
Batting: RHB José Gómez 0-0: Called Strike
0-1: Ball
1-1: Ball
2-1: Ball
3-1: Foul Ball, location: 2F
3-2: Base on Balls
Batting: LHB Rusty Herbert 0-0: Sac Bunt - play at first, batter OUT! 1-4
José Gómez to second
Batting: RHB Aaron Holt 0-0: Foul Ball, location: 2F
0-1: Ball
1-1: Ball
2-1: Swinging Strike
2-2: Ball
3-2: Foul Ball, location: 2F
3-2: Strikes out looking
Pitching: LHP Stu Creichton
Batting: RHB Enrique Mendoza 0-0: Called Strike
0-1: Called Strike
0-2: Strikes out looking
Top of the 9th over - 0 run(s), 0 hit(s), 0 error(s), 1 left on base; Bismark 3 - Riverside 0
BOTTOM OF THE 9TH
Riverside Red Bulls batting - Pitching for Bismark Border Guards : RHP Bud Baldwin
Batting: RHB Chris Osborn 0-0: Ball
1-0: Foul Ball, location: 2F
1-1: Ball
2-1: Foul Ball, location: 2F
2-2: Foul Ball, location: 2F
2-2: Ball
3-2: Ground out 4-3 (Groundball, 4)
Pitching: RHP Dominic Desmarais
Batting: SHB Chun-yeong Kim 0-0: Ball
1-0: Called Strike
1-1: Foul Ball, location: 2F
1-2: SINGLE (Flyball, 7LM)
Batting: RHB Joe Scott 0-0: Called Strike
0-1: Ball
1-1: Foul Ball, location: 2F
1-2: Grounds into double play, 5-4-3 (Groundball, 56)
Bottom of the 9th over - 0 run(s), 1 hit(s), 0 error(s), 0 left on base; Bismark 3 - Riverside 0
This league is powered by Out of the Park Baseball, the baseball management simulation game for PC, Mac and Linux
Wednesday, December 2nd, 2015 - OOTP Baseball 16.8 Build 38